 Dungeon Crawl Stone Soup version 0.26-a0-639-g72c4674 (webtiles) character file.

Game seed: 12880525313000085384

44 robertstho the Chiller (level 3, 0/20 HPs)
             Began as a Deep Elf Ice Elementalist on Sept 16, 2020.
             Slain by an adder (3 damage)
             ... on level 2 of the Dungeon.
             The game lasted 00:01:47 (1056 turns).

robertstho the Chiller (Deep Elf Ice Elementalist)  Turns: 1056, Time: 00:01:47

Health: 0/20       AC:  3    Str:  5    XL:     3   Next: 41%
Magic:  9/10       EV: 13    Int: 20    God:
Gold:   148        SH:  0    Dex: 15    Spells: 8/9 levels left

rFire    . . .     SeeInvis .   e - +2 dagger (venom)
rCold    . . .     Faith    .   (no shield)
rNeg     . . .     Spirit   .   a - +0 robe
rPois    .         Reflect  .   f - +0 helmet
rElec    .         Harm     .   (no cloak)
rCorr    .         Rampage  .   (no gloves)
MR       .....                  (no boots)
Stlth    ++........             (no amulet)
HPRegen  0.06/turn              (no ring)
MPRegen  0.12/turn              (no ring)

@: lethally poisoned (0 -> -4)
A: no striking features
a: no special abilities


You were on level 2 of the Dungeon.
You visited 1 branch of the dungeon, and saw 2 of its levels.

You collected 148 gold pieces.

Inventory:

Hand Weapons
 e - a +2 dagger of venom (weapon)
Missiles
 d - a throwing net (quivered)
Armour
 a - a +0 robe (worn)
 f - a +0 helmet (worn)
Scrolls
 b - a scroll of amnesia
 c - 2 scrolls of teleportation {unknown}
 g - 3 scrolls of identify {unknown}
 h - a scroll of blinking {unknown}


   Skills:
 * Level 0.6 Fighting
 + Level 2.5 Dodging
 + Level 2.5 Stealth
 * Level 3.6 Spellcasting
 * Level 5.2 Ice Magic


You had 8 spell levels left.
You knew the following spells:

 Your Spells              Type           Power        Failure   Level
a - Freeze                Ice            ###.         1%          1

Your spell library contained the following spells:

 Spells                   Type           Power        Failure   Level
 Frozen Ramparts          Ice            ###...       4%          3
 Ozocubu's Armour         Ice            ###.....     4%          3
 Hailstorm                Conj/Ice       ##......     41%         4
 Summon Ice Beast         Ice/Summ       ##......     41%         4


Dungeon Overview and Level Annotations

Branches:
Dungeon (2/15)

Altars:


Message History

The adder bites you.
* * * LOW HITPOINT WARNING * * *
You are lethally poisoned!
The adder poisons you!
* * * LOW HITPOINT WARNING * * *
You feel sick.
You aren't carrying any potions.
As you read the scroll labeled QAM YVVAIROKLE, it crumbles to dust.
It is a scroll of amnesia.
Really abort (and waste the scroll)?
Okay, then.
The adder closely misses you.
* * * LOW HITPOINT WARNING * * *
You feel sick. The adder misses you.
* * * LOW HITPOINT WARNING * * *
You feel sick. The adder bites you.
* * * LOW HITPOINT WARNING * * *
There is a stone staircase leading up here.
The adder bites you.
You die...

...>.........#.# .
#.........#...####.(
##.........# ....)...
#........†## #.... .
#..........# #..# . #
#..........###g.# .
...#..........g.g..####.
.............g###...g...
..##..@Sggl..# #..##.?.
##.......## #..##..†
##.....## #..##...
####.## .....g.. #.#
.#####g.. #.. ## #...
#..# .... ...# ....
.....


You could see 4 gnolls, an adder and a frilled lizard.

Vanquished Creatures
  An adder (D:2)
  6 bats
  2 giant cockroaches
  6 goblins (D:1)
  3 hobgoblins (D:1)
  2 jackals (D:1)
  A ball python (D:1)
  3 frilled lizards (D:1)
  7 kobolds
  4 rats (D:1)
35 creatures vanquished.

Notes
Turn   | Place    | Note
-------+----------+-------------------------------------------
     0 | D:1      | robertstho the Deep Elf Ice Elementalist began the quest
                  | for the Orb.
     0 | D:1      | Reached XP level 1. HP: 10/10 MP: 6/6
     4 | D:1      | Noticed an electric eel
    84 | D:1      | Reached XP level 2. HP: 6/15 MP: 0/8
   644 | D:1      | Reached skill level 5 in Ice Magic
   765 | D:1      | Reached XP level 3. HP: 20/20 MP: 10/10
  1056 | D:2      | Slain by an adder

Illustrated notes

Levels and vault maps discovered:
D:1:      arrival_aquarium_a, layout_rooms, minmay_pentomino_o2
D:2:      layout_rooms, doesnt_xom_only_xom

Skill      XL: |  1  2 |
---------------+-------+-----
Ice Magic      | 5 |  5.2
Fighting       | |  0.6
Dodging        | |  2.5
Stealth        | |  2.5
Spellcasting   | |  3.6

Action                   || total
-------------------------++-------
Melee: Dagger            ||    60
 Cast: Freeze            ||    17
  Use: Scroll            ||     1
 Stab: Sleeping          ||     3
Armor: Robe              ||    28
Dodge: Dodged            ||    96

Table legend: (Time is in decaauts)
 A = Elapsed time spent in this place.
 B = Non-inter-level travel time spent in this place.
 C = Inter-level travel time spent in this place.
 D = Time resting spent in this place.
 E = Time spent auto-exploring this place.
 F = Levels seen in this place.
 G = Mean time per level.
                   A        B        C        D        E       F      G
               +--------+--------+--------+--------+--------+-----+--------+
         Total |   1055 |   1044 |     11 |     27 |    761 |   2 |  527.5 |
       Dungeon |   1055 |   1044 |     11 |     27 |    761 |   2 |  527.5 |
               +--------+--------+--------+--------+--------+-----+--------+

Top non-repeatable levels by time:
     D:1: 1006 daAuts
     D:2: 48 daAuts
